 Dungeon Crawl Stone Soup version 0.28.0-1-gb440e238dd (webtiles) character file.

Game seed: 7039760184300522007

54 pkoi the Conjurer (level 3, -2/26 HPs)
             Began as a Draconian Conjurer on Feb 23, 2022.
             Slain by a centaur (5 damage)
             ... on level 3 of the Dungeon.
             The game lasted 00:03:19 (3613 turns).

pkoi the Conjurer (Draconian Conjurer)              Turns: 3613, Time: 00:03:19

Health: -2/26      AC:  6    Str:  9    XL:     3   Next: 66%
Magic:  6/6        EV: 12    Int: 20    God:
Gold:   24         SH:  0    Dex:  9    Spells: 3/6 levels left

rFire   + . .      SeeInvis .   b - +0 short sword
rCold   . . .      Faith    .   (no shield)
rNeg    . . .      Spirit   .   (armour unavailable)
rPois   .          Reflect  .   (helmet restricted)
rElec   .          Harm     .   (no cloak)
rCorr   .          Rampage  .   j - +0 pair of gloves
Will    .....                   (no boots)
Stlth   +.........              (no amulet)
HPRegen 0.00/turn               (no ring)
MPRegen 0.10/turn               (no ring)

@: silenced, flying, inhibited regen
A: AC +5, unfitting armour, cold-blooded, fire resistance 1, inhibited
regeneration
a: no special abilities


You were on level 3 of the Dungeon.
You visited 1 branch of the dungeon, and saw 3 of its levels.

You collected 24 gold pieces.

Inventory:

Hand Weapons
 b - a +0 short sword (weapon)
Armour
 i - an orb of energy
 j - a +0 pair of gloves (worn)
Jewellery
 l - a +6 ring of dexterity
Scrolls
 a - a scroll of identify
 d - 2 scrolls of silence
 e - a scroll of fear {unknown}
 f - a scroll of fog {unknown}
 h - a scroll of amnesia {unknown}
Potions
 g - a potion of brilliance


   Skills:
 - Level 1.7 Dodging
 - Level 1.7 Stealth
 - Level 2.0 Spellcasting
 + Level 5.4 Conjurations


You had 3 spell levels left.
You knew the following spells:

 Your Spells              Type           Power      Damage    Failure   Level
a - Magic Dart            Conj           92%        1d7       1%          1
b - Searing Ray           Conj           46%        2d6       2%          2

Your spell library contained the following spells:

 Spells                   Type           Power      Damage    Failure   Level
 Dazzling Flash           Conj/Hex       24%        N/A       16%         3
 Ensorcelled Hibernation  Hex/Ice        4%         N/A       24%         2
 Passwall                 Tmut/Erth      1%         N/A       24%         2
 Swiftness                Air            2%         N/A       43%         3
 Fulminant Prism          Conj/Hex       6%         3d7       45%         4
 Iskenderun's Mystic Bla  Conj/Tloc      12%        2d5       45%         4


Dungeon Overview and Level Annotations

Branches:
Dungeon (3/15)

Altars:


Innate Abilities, Weirdness & Mutations

Your plain brown scales are hard. (AC +5)
You cannot fit into any form of body armour.
You are cold-blooded and may be slowed by cold attacks.
Your flesh is heat resistant. (rF+)
You do not regenerate when monsters are visible.


Message History

As you read the scroll labelled QUTRUU AJ HESO, it crumbles to dust.
A profound silence engulfs you.
It was a scroll of silence.
Magic scrolls do not work when you're silenced!
It was a potion of curing.
You feel better.
It was a potion of flight.
You feel very buoyant.
You fly up into the air.
The centaur unwields a +0 shortbow.
The centaur barely misses you. The centaur misses you.
It was a potion of mutation.
You feel extremely strange.
You feel resistant to heat.
Your regeneration stops near monsters.
The centaur barely misses you.
The centaur kicks you but does no damage.
Unknown command.
You hit the centaur but do no damage. The centaur hits you.
* * * LOW HITPOINT WARNING * * *
The centaur closely misses you. The centaur hits you.
* * * LOW HITPOINT WARNING * * *
The centaur kicks you but does no damage.
You barely miss the centaur. The centaur closely misses you. x2
You hit the centaur.
The centaur is lightly wounded.
The centaur hits you but does no damage.
The centaur kicks you but does no damage.
The centaur barely misses you. x2
Okay, then.
Unknown command.
You hit the centaur but do no damage.
The centaur is lightly wounded.
The centaur hits you but does no damage.
The centaur kicks you but does no damage.
The centaur hits you but does no damage.
The centaur closely misses you.
You barely miss the centaur.
The centaur is lightly wounded.
The centaur hits you but does no damage.
The centaur kicks you but does no damage.
You barely miss the centaur. You tail-slap the centaur.
The centaur is moderately wounded.
The centaur hits you.
You die...

#..<........
####.##..... #c#
... #.# . #(# #.#
#.# #########.#
....(..@#.#
........c.#
#######.### #.#
#.# #.#
#.################
#.................
##################


You could see a centaur.

Vanquished Creatures
  A gnoll (D:1)
  A worm (D:2)
  3 dart slugs
  A ball python (D:1)
  4 endoplasms (D:1)
  4 giant cockroaches
  4 hobgoblins
  A quokka (D:2)
  2 bats
  3 goblins
  4 kobolds
  4 rats
  A spectral kobold (D:1)
33 creatures vanquished.

Notes
Turn   | Place    | Note
-------+----------+-------------------------------------------
     0 | D:1      | pkoi the Draconian Conjurer began the quest for the Orb.
     0 | D:1      | Reached XP level 1. HP: 14/14 MP: 3/3
   447 | D:1      | Found a faded altar of an unknown god.
   494 | D:1      | Reached XP level 2. HP: 20/20 MP: 1/5
  1349 | D:1      | Reached skill level 5 in Conjurations
  1349 | D:1      | Reached XP level 3. HP: 16/26 MP: 0/6
  1475 | D:1      | Learned a level 2 spell: Searing Ray
  2866 | D:3      | Noticed a centaur
  3607 | D:3      | Gained mutation: Your flesh is heat resistant. (rF+)
                  | [potion of mutation]
  3607 | D:3      | Gained mutation: You do not regenerate when monsters are
                  | visible. [potion of mutation]
  3613 | D:3      | Slain by a centaur

Illustrated notes

Levels and vault maps discovered:
D:1:      erik_arrival_blinker_ship, layout_loops_ring,
          dreamdust_ecumenical_altar_drowned_temple
D:2:      layout_loops_ring, serial_rivers, chequers_serial_rivers_large_a,
          chequers_serial_rivers_large_b, chequers_serial_rivers_small_3,
          chequers_serial_rivers_micro_b, chequers_serial_rivers_marsh
D:3:      layout_basic

Skill      XL: |  1  2 |
---------------+-------+-----
Conjurations   | 5 |  5.4
Dodging        | |  1.7
Stealth        | |  1.7
Spellcasting   | |  2.0

Action                   || total
-------------------------++-------
Melee: Unarmed           ||    20
       Tailslap          ||     3
       Short sword       ||    14
 Cast: Magic Dart        ||    80
  Use: Potion            ||     3
       Scroll            ||     2
Armor: Skin              ||    20
Dodge: Dodged            ||    24
